 Dungeon Crawl Stone Soup version 0.26.0-20-g3ca415f5b8 (webtiles) character file.

Game seed: 12373760461562329185

176 thiole the Sneak (level 5, 0/31 HPs)
             Began as an Octopode Hedge Wizard on Jan 26, 2021.
             Killed by nerve-wracking pain
             ... invoked by an orc priest
              (1 damage)
             ... on level 3 of the Dungeon.
             The game lasted 00:06:33 (3860 turns).

thiole the Sneak (Octopode Hedge Wizard)            Turns: 3860, Time: 00:06:33

Health: 0/31       AC:  1    Str:  9    XL:     5   Next: 56%
Magic:  2/10       EV: 13    Int: 17    God:
Gold:   15         SH:  0    Dex: 12    Spells: 3/11 levels left

rFire    . . .     SeeInvis .   a - +2 dagger (venom)
rCold    . . .     Faith    .   (no shield)
rNeg     . . .     Spirit   .   g - +0 hat
rPois    .         Reflect  .   (no amulet)
rElec    .         Harm     .   (no ring)
rCorr    .         Rampage  .   (no ring)
Will     .....                  (no ring)
Stlth    ++++......             (no ring)
HPRegen  0.10/turn              (no ring)
MPRegen  0.12/turn              (no ring)
                                (no ring)
                                (no ring)

@: very slightly contaminated
A: almost no armour, stealthy swim, amphibious, 8 rings, constrict 8, camouflage
1, gelatinous body 1
a: no special abilities


You were on level 3 of the Dungeon.
You visited 1 branch of the dungeon, and saw 3 of its levels.

You collected 15 gold pieces.

Inventory:

Hand Weapons
 a - a +2 dagger of venom (weapon)
 b - a +0 hunting sling
 n - a cursed +0 flail
Armour
 g - a +0 hat (worn)
Jewellery
 d - an uncursed ring of fire {unknown}
 e - a cursed amulet of inaccuracy {unknown}
Scrolls
 h - a scroll of immolation {unknown}
 i - 4 scrolls of identify {unknown}
 k - 4 scrolls of amnesia {unknown}
 o - 3 scrolls of remove curse {unknown}
 p - a scroll of enchant armour {unknown}
Potions
 c - a potion of haste
 f - a potion of invisibility {unknown}
 j - a potion of mutation {unknown}
 l - a potion of heal wounds {unknown}
 m - a potion of degeneration {unknown}


   Skills:
 - Level 2.0 Dodging
 + Level 4.6 Stealth
 + Level 3.8 Spellcasting
 - Level 2.0 Conjurations
 - Level 2.0 Summonings
 - Level 1.0 Translocations
 + Level 1.4 Air Magic
 + Level 1.9 Poison Magic


You had 3 spell levels left.
You knew the following spells:

 Your Spells              Type           Power        Failure   Level
a - Magic Dart            Conj           40%          7%          1
b - Call Imp              Summ           10%          11%         2
c - Blink                 Tloc           N/A          16%         2
d - Mephitic Cloud        Conj/Pois/Air  9%           22%         3

Your spell library contained the following spells:

 Spells                   Type           Power        Failure   Level
 Beastly Appendage        Tmut           6%           16%         1
 Slow                     Hex            3%           24%         2
 Wereblood                Tmut           3%           24%         2
 Conjure Flame            Conj/Fire      6%           32%         3
 Spider Form              Tmut/Pois      3%           32%         3
 Ice Form                 Ice/Tmut       3%           85%         4
 Blade Hands              Tmut           1%           99%         5


Dungeon Overview and Level Annotations

Branches:
Dungeon (3/15)

Altars:


Innate Abilities, Weirdness & Mutations

You cannot wear most types of armour.
You are very stealthy in the water. (Stealth+)
You are amphibious.
You can wear up to eight rings at the same time.
You can use your tentacles to constrict eight enemies at once.
Your skin changes colour to match your surroundings (Stealth+).
Your rubbery body absorbs attacks. (AC +1, EV +1)


Message History

The orc priest calls upon Beogh to heal the orc.
The orc's wounds heal themselves!
The orc hits you with a +0 flail!
* * * LOW HITPOINT WARNING * * *
You hit the orc. Your squeeze misses the orc.
The orc is moderately wounded.
You constrict the orc, but do no damage.
The orc priest calls upon Beogh to heal the orc.
The orc's wounds heal themselves!
Your crimson imp blinks!
You hit the orc.
The orc is moderately wounded.
You constrict the orc.
You kill the orc!
You hit the orc priest.
The orc priest looks as sick as possible!
Your grab misses the orc priest.
The orc priest is heavily wounded.
The orc priest calls down the wrath of Beogh upon you.
Pain shoots through your body!
You die...

#............#..g#
#.#
#.###.######.##..#
#.# #.# #.#
###.##..#####.## #.#
#.####...............
#.#
#......#.##..#####.##
#.# ##.#####(##..#
#... #.#
#....))÷##..# ####
#.# #..###..##..# #
#.# #..@.#..##..# #
#.####..#o#..##..## #
#......§.5...##...#
#####
#####.......)......
...[ #...#(#####.#.#
#..# #####)# #.#.#
#..# #.# #.#.####..#
#.# #^......÷.. #.#
##........#


You could see an orc priest (extremely poisoned) and a friendly crimson imp
(summoned).

Vanquished Creatures
  A hound (D:2)
  2 gnolls (D:3)
  5 adders
  4 dart slugs
  3 leopard geckos (D:2)
  8 orcs (D:3)
  4 giant cockroaches
  9 goblins
  7 hobgoblins
  2 jackals (D:2)
  9 kobolds
  A quokka (D:2)
  9 bats
  5 frilled lizards
  3 rats
72 creatures vanquished.

Vanquished Creatures (collateral kills)
  A hobgoblin (D:2)
1 creature vanquished.

Grand Total: 73 creatures vanquished

Notes
Turn   | Place    | Note
-------+----------+-------------------------------------------
     0 | D:1      | thiole the Octopode Hedge Wizard began the quest for the
                  | Orb.
     0 | D:1      | Reached XP level 1. HP: 11/11 MP: 4/4
   252 | D:1      | Reached skill level 3 in Stealth
   252 | D:1      | Reached XP level 2. HP: 13/17 MP: 0/6
   626 | D:1      | Learned a level 2 spell: Call Imp
   629 | D:1      | Learned a level 2 spell: Blink
   633 | D:1      | You fall into a shaft and drop 1 floor!
   792 | D:2      | Reached XP level 3. HP: 17/21 MP: 2/7
  1083 | D:2      | Learned a level 3 spell: Mephitic Cloud
  1148 | D:2      | Reached XP level 4. HP: 27/27 MP: 6/9
  2007 | D:3      | Reached skill level 4 in Stealth
  2227 | D:3      | Reached skill level 1 in Poison Magic
  2833 | D:3      | Reached skill level 1 in Air Magic
  2833 | D:3      | Reached XP level 5. HP: 26/31 MP: 2/10
  3857 | D:3      | HP: 1/31 [orc/+0 flail (8)]
  3860 | D:3      | Killed from afar by an orc priest

Illustrated notes

Levels and vault maps discovered:
D:1:      dpeg_arrival_tiny_c, layout_basic
D:2:      layout_loops_ring
D:3:      layout_loops_ring

Skill      XL: |  1  2  3  4 |
---------------+-------------+-----
Stealth        | 3 4 |  4.6
Conjurations   | 2 |  2.0
Summonings     | 2 |  2.0
Poison Magic   | 1 |  1.9
Air Magic      | 1 |  1.4
Dodging        | |  2.0
Spellcasting   | |  3.8
Translocations | |  1.0

Action                   |  1- 3 |  4- 6 || total
-------------------------+-------+-------++-------
Melee: Dagger            |    21 |    44 ||    65
       Constrict         |     7 |    12 ||    19
       Tentacles         |     1 |     5 ||     6
 Cast: Magic Dart        |    58 |   135 ||   193
       Call Imp          |     2 |     6 ||     8
  Use: Potion            |       |     1 ||     1
 Stab: Distracted        |     1 |       ||     1
Armor: Skin              |       |     4 ||     4
Dodge: Dodged            |    18 |    44 ||    62
